 Dungeon Crawl Stone Soup version 0.22.0-49-gab54619674 (webtiles) character file.

49 MaCx the Sneak (level 3, 0/24 HPs)
             Began as a Spriggan Enchanter on Sept 8, 2018.
             Succumbed to a worker ant's poison
             ... on level 2 of the Dungeon.
             The game lasted 00:08:55 (1348 turns).

MaCx the Sneak (Spriggan Enchanter)                 Turns: 1348, Time: 00:08:56

Health: 0/24       AC: 21    Str:  5    XL:     3   Next: 51%
Magic:  8/8        EV:  4    Int: 16    God:
Gold:   81         SH:  0    Dex: 16    Spells: 4/7 levels left

rFire    . . .     SeeInvis +   a - +1 dagger
rCold    . . .     Gourm    .   (shield restricted)
rNeg     + + +     Faith    .   (armour currently unavailable)
rPois    +         Spirit   .   (helmet currently unavailable)
rElec    .         Reflect  .   (cloak currently unavailable)
rCorr    .         Harm     .   (gloves unavailable)
MR       .....     NoTele   +   (boots unavailable)
Stlth    +++.......             (no amulet)
HPRegen  0.08/turn              (no ring)
MPRegen  0.11/turn              (no ring)

@: lethally poisoned (0 -> -4), tree-form
A: very small, unfitting armour, see invisible, herbivore, slow metabolism 2
a: no special abilities


You were on level 2 of the Dungeon.
You were not hungry.
You were a tree.
You visited 1 branch of the dungeon, and saw 2 of its levels.

You collected 81 gold pieces.

Inventory:

Hand Weapons
 a - a +1 dagger (weapon)
 g - a +2 vampiric dagger
Armour
 b - a +1 robe (melded)
Jewellery
 k - an uncursed ring of poison resistance {unknown}
Scrolls
 c - a scroll of enchant weapon {unknown}
 h - 3 scrolls of identify
Potions
 f - 2 potions of lignification
 i - a potion of mutation {unknown}
 j - a potion of flight {unknown}
Comestibles
 d - 4 rations


   Skills:
 + Level 2.8 Short Blades
 - Level 3.0 Dodging
 + Level 5.9 Stealth
 - Level 2.6 Spellcasting
 - Level 3.6 Hexes


You had 4 spell levels left.
You knew the following spells:

 Your Spells              Type           Power        Failure   Level  Hunger
a - Corona                Hex            ##.....      4%          1    #......
b - Ensorcelled Hibernat  Hex/Ice        #.....       14%         2    ##.....

Your spell library contained the following spells:

 Spells                   Type           Power        Failure   Level  Hunger
 Confuse                  Hex            ##......     13%         3    ###....
 Tukima's Dance           Hex            ##......     13%         3    ###....
 Dazzling Spray           Conj/Hex       #.....       28%         3    ###....


Dungeon Overview and Level Annotations

Branches:
Dungeon (2/15)

Altars:


Innate Abilities, Weirdness & Mutations

You are very small and have problems with some larger weapons.
You are too small for most types of armour.
You have supernaturally acute eyesight. (SInv)
You are a herbivore.
((You cover ground extremely quickly.))
You need to consume almost no food.


Message History

You feel sick.
The worker ant bites you but does no damage.
You barely miss the worker ant.
The worker ant is lightly wounded.
The worker ant waves its antennae.
The worker ant bites you.
* * * LOW HITPOINT WARNING * * *
* * * LOW HITPOINT WARNING * * *
You feel sick.
* * * LOW HITPOINT WARNING * * *
You feel sick.
You see here a rat corpse.
* * * LOW HITPOINT WARNING * * *
You feel sick.
It was a potion of lignification.
You turn into a tree.
Your +1 robe melds into your body.
Your roots penetrate the ground.
You cannot move.
You cannot move.
You cannot move.
You die...

######## # #...............
##......###.###.........#.....
##........##...................
#(.......(.#.##................
#............###...g.........#.
#............###.a.r.........#
#............##..#†.^..........
#............##.....#..........
##............♣S.†.............
#...........#######.(...$.....
#.........†.# #..............
#...........###......#......
#...†.....<.#....#####.....
#...........#.#<...# ...
##..........#.#....#
##..........†#>.......
##.##....####....###.


You could see a worker ant, an adder, a goblin and a rat.

Vanquished Creatures
  2 adders
  A leopard gecko (D:1)
  3 goblins (D:1)
  4 hobgoblins (D:1)
  2 jackals
  4 kobolds (D:1)
  A quokka (D:2)
  3 bats (D:1)
  3 frilled lizards
  6 rats
29 creatures vanquished.

Notes
Turn   | Place    | Note
-------+----------+-------------------------------------------
     0 | D:1      | MaCx the Spriggan Enchanter began the quest for the Orb.
     0 | D:1      | Reached XP level 1. HP: 9/9 MP: 5/5
   301 | D:1      | Reached XP level 2. HP: 13/13 MP: 6/6
   335 | D:1      | Reached skill level 5 in Stealth
   357 | D:1      | Learned a level 2 spell: Ensorcelled Hibernation
  1166 | D:1      | Reached XP level 3. HP: 13/16 MP: 5/8
  1348 | D:2      | Succumbed to a worker ant's poison

Skill      XL: |  1  2 |
---------------+-------+-----
Stealth        | 5 |  5.9
Short Blades   | 2 |  2.8
Dodging        | |  3.0
Spellcasting   | |  2.6
Hexes          | |  3.6

Action                   || total
-------------------------++-------
Melee: Dagger            ||    80
 Cast: Ensorcelled Hiber ||     7
  Use: Scroll            ||     4
       Potion            ||     1
 Stab: Sleeping          ||    15
Armor: Robe              ||    11
Dodge: Dodged            ||    59
